Devils vs Flames

Created - January 7, 2017 at 10:53

Goals
1 2 3 OT1 T
Devils 0 0 0 1 1
Flames 0 0 0 0 0
Shots
1 2 3 OT1 T
Devils 6 6 3 4 19
Flames 3 9 10 2 24

1st period

No Goal

Penalties :
Gabriel Bourque (CGY) for Holding (Minor) at 7:02, Josh Gorges (CGY) for Roughing (Minor) at 14:20

2nd period

No Goal

Penalties :
Jared Spurgeon (CGY) for Interference (Minor) at 17:11

3rd period

No Goal

Penalties :
James Neal (NJD) for Roughing (Minor) at 4:12, Michal Rozsival (NJD) for Cross-checking (Minor) at 4:59

Overtime #1

1. Devils , Drew Stafford 11 (Valtteri Filppula, Shayne Gostisbehere) at 2:11

Penalties :
No Penalty

Goalie Stats

Corey Crawford (NJD), 24 saves from 24 shots - (1.000), W, 18-7-5, 62:12 minutes
Ben Bishop (CGY), 18 saves from 19 shots - (0.947), OTL, 14-12-4, 62:12 minutes

Players Stats for Devils

Player Name              G  A  P  +/- PIM S  H  SB GA TA FO     MP     PP MP  PK MP  
------------------------------------------------------------------------------------
Ales Hemsky              0  0  0   0  0   3  0  0  0  0  0/1    12:33   0:00   0:00 
Anton Stralman           0  0  0   0  0   2  1  2  0  0  0/0    24:50   3:30   1:28 
Brandon Prust            0  0  0   0  0   0  2  0  0  0  0/0    10:35   0:00   0:00 
Brandon Sutter           0  0  0   0  0   0  0  0  0  0  10/19  18:34   3:07   0:12 
Colin Greening           0  0  0   0  0   0  4  0  0  0  0/1    12:33   0:00   0:00 
Darren Helm              0  0  0   0  0   1  1  0  0  0  3/8    11:10   0:00   0:00 
Dougie Hamilton          0  0  0   0  0   0  3  1  0  0  0/0    24:42   3:30   1:18 
Drew Stafford            1  0  1   0  0   4  2  1  0  0  5/14   16:40   3:07   0:06 
James Neal               0  0  0   0  2   2  2  0  0  0  0/2    18:37   3:07   0:00 
Johan Franzen            0  0  0   0  0   0  0  0  0  0  1/1    10:35   0:00   0:00 
Michal Rozsival          0  0  0   0  2   0  8  0  0  0  0/0    19:36   2:27   0:46 
Miikka Salomaki          0  0  0   0  0   0  3  0  0  0  1/2    14:15   0:00   0:00 
Mikko Koivu              0  0  0   0  0   3  1  0  0  0  15/27  18:06   2:50   1:28 
Ryan Pulock              0  0  0   0  0   1  0  2  0  0  0/0    12:04   0:00   0:00 
Shayne Gostisbehere      0  1  1   0  0   1  1  1  0  0  0/0    23:03   2:27   1:38 
Trevor Daley             0  0  0   0  0   0  1  3  0  0  0/0    18:46   0:00   0:21 
Tyler Johnson            0  0  0   0  0   0  1  0  0  0  4/6    19:05   2:50   1:06 
Valtteri Filppula        0  1  1   0  0   2  1  1  0  0  2/2    19:04   2:50   1:28 

Players Stats for Flames

Player Name              G  A  P  +/- PIM S  H  SB GA TA FO     MP     PP MP  PK MP  
------------------------------------------------------------------------------------
Alec Martinez            0  0  0   0  0   1  1  1  0  0  0/0    26:03   1:49   2:59 
Alex Tanguay             0  0  0   0  0   2  1  0  0  0  0/2    20:16   0:00   0:08 
Andrew Miller            0  0  0   0  0   1  0  0  0  0  0/0     4:39   0:00   0:00 
Antoine Vermette         0  0  0   0  0   2  0  0  0  0  11/18  19:43   1:49   1:55 
Brady Skjei              0  0  0   0  0   0  0  3  0  0  0/0    15:33   0:00   2:04 
Bryan Rust               0  0  0   0  0   1  2  0  0  0  0/1    12:06   0:00   1:07 
Daniel Carr              0  0  0   0  0   1  0  0  0  0  0/0     4:39   0:00   0:00 
Devante Smith-Pelly      0  0  0   0  0   0  0  1  0  0  0/1    17:34   1:49   0:00 
Gabriel Bourque          0  0  0   0  2   1  2  0  0  0  0/1    10:58   0:00   0:00 
Jared Spurgeon           0  0  0   0  2   1  0  0  0  0  0/0    20:24   0:57   1:45 
Jarome Iginla            0  0  0   0  0   3  2  0  0  0  2/5    24:18   0:57   1:49 
Jarret Stoll             0  0  0   0  0   0  1  0  0  0  5/10    4:57   0:00   0:18 
John Carlson             0  0  0   0  0   0  0  1  0  0  0/0    27:08   1:49   3:08 
Jordan Martinook         0  0  0   0  0   5  0  0  0  0  7/12   12:48   1:49   0:00 
Josh Gorges              0  0  0   0  2   2  1  2  0  0  0/0    20:00   0:00   1:58 
Kevan Miller             0  0  0   0  0   0  2  0  0  0  0/0    15:14   0:57   0:00 
Kyle Palmieri            0  0  0   0  0   1  0  0  0  0  0/0    21:48   0:57   3:50 
Mike Cammalleri          0  0  0   0  0   3  2  0  0  0  17/33  24:40   0:57   2:47 

3 Stars

1 - Corey Crawford (NJD)
2 - Ben Bishop (CGY)
3 - Drew Stafford (NJD)

Power Play

Devils - 0 on 3 Attempt(s) - 0.00%
Flames - 0 on 2 Attempt(s) - 0.00%

Penalty Kill

Devils - 2 on 2 Attempt(s) - 100.00% - Score 0 goal in Penalty Kill
Flames - 3 on 3 Attempt(s) - 100.00% - Score 0 goal in Penalty Kill

Team Stat

Devils - Hits : 31 - Faceoff Wins : 41 - Blocked Shots : 11 - Penalty Minutes : 4
Flames - Hits : 14 - Faceoff Wins : 42 - Blocked Shots : 8 - Penalty Minutes : 6

Official

Referees : Greg Kimmerly and Dennis LaRue
Linesman : Scott Cherrey and Andy McElman

Game Notes

Ryan Pulock is injured at 2:47 of 3rd period (Strained Left Elbow)
Mikko Koivu is injured at 18:41 of 3rd period (Bruised Left Leg)

Finance

Level 1 -- Attendance: 6306 (97.02%) -- Ticket Income $630,600
Level 2 -- Attendance: 5000 (100.00%) -- Ticket Income $275,000
Level 3 -- Attendance: 3273 (93.51%) -- Ticket Income $147,285
Level 4 -- Attendance: 2891 (87.90%) -- Ticket Income $72,275
Luxury Box -- Attendance: 1000 (100.00%) -- Ticket Income $150,000
Game was played at the Scotiabank Saddledome.
Total Attendance: 18470 (95.75%)
Total Ticket Income: $1,275,160
Other Income: $191,274
Total Income: $1,466,434

% Time on Ice - Devils

Lines # - Real PCT - Wanted PCT - Time Play
Normal Forward
1 - 27% - 27% - 13:54
2 - 28% - 27% - 14:15
3 - 24% - 26% - 12:33
4 - 21% - 20% - 10:35
Normal Defense
1 - 30% - 34% - 15:31
2 - 28% - 33% - 14:35
3 - 34% - 33% - 17:19
4 - 8% - 0% - 3:52
PP Forward
1 - 48% - 50% - 2:50
2 - 52% - 50% - 3:07
PP Defense
1 - 59% - 50% - 3:30
2 - 41% - 50% - 2:27
PK Forward
1 - 94% - 50% - 1:28
2 - 6% - 50% - 0:06
PK Defense
1 - 0% - 50% - 0:00
2 - 100% - 50% - 1:34
PK3 Forward
1 - 17% - 50% - 0:12
2 - 83% - 50% - 1:00
PK3 Defense
1 - 94% - 50% - 1:08
2 - 6% - 50% - 0:04
44 Forward
1 - 0% - 50%
2 - 0% - 50%
44 Defense
1 - 0% - 50%
2 - 0% - 50%
Last Minute Offensive  - 0:00
Last Minute Defensive  - 0:00
Total
Forward - 60:00
Defense - 60:00

% Time on Ice - Flames

Lines # - Real PCT - Wanted PCT - Time Play
Normal Forward
1 - 39% - 40% - 20:08
2 - 30% - 30% - 15:31
3 - 21% - 20% - 10:59
4 - 9% - 10% - 4:39
Normal Defense
1 - 36% - 40% - 18:38
2 - 35% - 30% - 17:43
3 - 25% - 20% - 12:47
4 - 4% - 10% - 2:09
PP Forward
1 - 34% - 60% - 0:57
2 - 66% - 40% - 1:49
PP Defense
1 - 66% - 60% - 1:49
2 - 34% - 40% - 0:57
PK Forward
1 - 68% - 60% - 4:02
2 - 32% - 40% - 1:55
PK Defense
1 - 53% - 60% - 3:08
2 - 47% - 40% - 2:49
PK3 Forward
1 - 0% - 60%
2 - 0% - 40%
PK3 Defense
1 - 0% - 60%
2 - 0% - 40%
44 Forward
1 - 0% - 60%
2 - 0% - 40%
44 Defense
1 - 0% - 60%
2 - 0% - 40%
Last Minute Offensive  - 0:00
Last Minute Defensive  - 0:00
Total
Forward - 60:00
Defense - 60:00

Play by Play

1st period


0:01 of 1st period - Mikko Koivu wins face-off versus Mike Cammalleri in neutral zone.
0:27 of 1st period - Shot by Mike Cammalleri.
0:27 of 1st period - Shot Misses the Net.
0:47 of 1st period - Off-side.
0:48 of 1st period - Antoine Vermette wins face-off versus Brandon Sutter in neutral zone.
0:50 of 1st period - Devante Smith-Pelly is hit by Miikka Salomaki.
1:30 of 1st period - Kyle Palmieri is hit by Shayne Gostisbehere and loses puck.
2:35 of 1st period - Kevan Miller is hit by Dougie Hamilton and loses puck.
3:00 of 1st period - Shot by Anton Stralman.
3:00 of 1st period - Shot Misses the Net.
3:04 of 1st period - Shot by Brandon Prust.
3:04 of 1st period - Shot Misses the Net.
3:12 of 1st period - Shot by Darren Helm.
3:12 of 1st period - Stopped by Ben Bishop without a rebound.
3:13 of 1st period - Mike Cammalleri wins face-off versus Mikko Koivu in Flames zone.
3:13 of 1st period - Mike Cammalleri is hit by Valtteri Filppula.
3:42 of 1st period - Mike Cammalleri is hit by Michal Rozsival and loses puck.
3:46 of 1st period - Icing by Michal Rozsival.
3:47 of 1st period - Mikko Koivu wins face-off versus Jarret Stoll in Devils zone.
5:45 of 1st period - Off-side.
5:46 of 1st period - Mike Cammalleri wins face-off versus Darren Helm in neutral zone.
6:25 of 1st period - Shot by Darren Helm.
6:25 of 1st period - Shot Misses the Net.
6:39 of 1st period - Brady Skjei is hit by Colin Greening and loses puck.
7:02 of 1st period - Minor Penalty to Gabriel Bourque for Holding.
7:03 of 1st period - Mikko Koivu wins face-off versus Bryan Rust in Flames zone.
7:44 of 1st period - Shot by Anton Stralman.
7:44 of 1st period - Stopped by Ben Bishop without a rebound.
7:45 of 1st period - Mike Cammalleri wins face-off versus Brandon Sutter in Flames zone.
9:28 of 1st period - Shot by Darren Helm.
9:28 of 1st period - Shot Misses the Net.
9:43 of 1st period - Icing by Kevan Miller.
9:44 of 1st period - Jarret Stoll wins face-off versus Drew Stafford in Flames zone.
10:00 of 1st period - Off-side.
10:01 of 1st period - Mike Cammalleri wins face-off versus Mikko Koivu in neutral zone.
10:03 of 1st period - Off-side.
10:04 of 1st period - Mike Cammalleri wins face-off versus Mikko Koivu in neutral zone.
10:10 of 1st period - John Carlson is hit by Tyler Johnson and loses puck.
10:18 of 1st period - Mikko Koivu is hit by Alec Martinez and loses puck.
11:53 of 1st period - Trevor Daley is hit by Bryan Rust and loses puck.
12:01 of 1st period - Icing by Ales Hemsky.
12:02 of 1st period - Antoine Vermette wins face-off versus Drew Stafford in Devils zone.
12:03 of 1st period - Shot by Kyle Palmieri.
12:03 of 1st period - Shot Misses the Net.
12:05 of 1st period - Shot by Kyle Palmieri.
12:05 of 1st period - Shot Blocked by Trevor Daley.
12:07 of 1st period - Shot by Antoine Vermette.
12:07 of 1st period - Shot Misses the Net.
12:09 of 1st period - Shot by Kyle Palmieri.
12:09 of 1st period - Shot Blocked by Ryan Pulock.
12:27 of 1st period - Shot by Devante Smith-Pelly.
12:27 of 1st period - Deflect By Antoine Vermette.
12:27 of 1st period - Shot Blocked by Drew Stafford.
13:52 of 1st period - Icing by John Carlson.
13:53 of 1st period - Mike Cammalleri wins face-off versus Brandon Sutter in Flames zone.
14:16 of 1st period - Shot by James Neal.
14:16 of 1st period - Shot Blocked by Josh Gorges.
14:18 of 1st period - Shot by James Neal.
14:18 of 1st period - Stopped by Ben Bishop without a rebound.
14:19 of 1st period - Darren Helm wins face-off versus Jarret Stoll in Flames zone.
14:19 of 1st period - Ryan Pulock is hit by Josh Gorges and loses puck.
14:20 of 1st period - Minor Penalty to Josh Gorges for Roughing.
14:21 of 1st period - Mike Cammalleri wins face-off versus James Neal in Flames zone.
15:25 of 1st period - Shot by Tyler Johnson.
15:25 of 1st period - Shot Blocked by John Carlson.
15:53 of 1st period - Icing by Michal Rozsival.
15:54 of 1st period - Mikko Koivu wins face-off versus Mike Cammalleri in Devils zone.
17:01 of 1st period - Icing by Trevor Daley.
17:02 of 1st period - Jordan Martinook wins face-off versus Darren Helm in Devils zone.
17:02 of 1st period - Brady Skjei is hit by Trevor Daley and loses puck.
17:19 of 1st period - Kevan Miller is hit by Brandon Prust and loses puck.
17:27 of 1st period - Icing by Kevan Miller.
17:28 of 1st period - Brandon Sutter wins face-off versus Jordan Martinook in Flames zone.
17:35 of 1st period - Shot by Jordan Martinook.
17:35 of 1st period - Stopped by Corey Crawford without a rebound.
17:36 of 1st period - Mike Cammalleri wins face-off versus Brandon Sutter in Devils zone.
18:02 of 1st period - Shot by Alex Tanguay.
18:02 of 1st period - Deflect By Mike Cammalleri.
18:02 of 1st period - Stopped by Corey Crawford without a rebound.
18:03 of 1st period - Antoine Vermette wins face-off versus Mikko Koivu in Devils zone.
18:03 of 1st period - Antoine Vermette is hit by Michal Rozsival.
18:15 of 1st period - Shot by Mikko Koivu.
18:15 of 1st period - Stopped by Ben Bishop without a rebound.
18:16 of 1st period - Jordan Martinook wins face-off versus Drew Stafford in Flames zone.
18:16 of 1st period - Alec Martinez is hit by Drew Stafford and loses puck.
18:35 of 1st period - Shot by Ales Hemsky.
18:35 of 1st period - Stopped by Ben Bishop with a rebound.
18:46 of 1st period - Shot by Ryan Pulock.
18:46 of 1st period - Shot Misses the Net.
18:48 of 1st period - Shot by Drew Stafford.
18:48 of 1st period - Stopped by Ben Bishop without a rebound.
18:49 of 1st period - Mikko Koivu wins face-off versus Mike Cammalleri in Flames zone.
19:04 of 1st period - Mike Cammalleri is hit by Anton Stralman and loses puck.
19:17 of 1st period - Shot by Mike Cammalleri.
19:17 of 1st period - Stopped by Corey Crawford without a rebound.
19:18 of 1st period - Antoine Vermette wins face-off versus Brandon Sutter in Devils zone.
19:59 of 1st period - Shot by Kyle Palmieri.
19:59 of 1st period - Shot Blocked by Shayne Gostisbehere.
Goals for this period are 0 for Devils vs 0 for Flames.
Shots for this period are 6 for Devils vs 3 for Flames.

2nd period


0:01 of 2nd period - Mikko Koivu wins face-off versus Alex Tanguay in neutral zone.
0:41 of 2nd period - Off-side.
0:42 of 2nd period - Drew Stafford wins face-off versus Antoine Vermette in neutral zone.
0:51 of 2nd period - Shot by Ales Hemsky.
0:51 of 2nd period - Stopped by Ben Bishop with a rebound.
1:26 of 2nd period - Icing by Colin Greening.
1:27 of 2nd period - Drew Stafford wins face-off versus Jordan Martinook in Devils zone.
1:27 of 2nd period - Drew Stafford is hit by Gabriel Bourque.
1:33 of 2nd period - Shot by Ales Hemsky.
1:33 of 2nd period - Stopped by Ben Bishop with a rebound.
1:53 of 2nd period - Gabriel Bourque is hit by Michal Rozsival and loses puck.
2:06 of 2nd period - Shot by Jordan Martinook.
2:06 of 2nd period - Stopped by Corey Crawford without a rebound.
2:07 of 2nd period - Mike Cammalleri wins face-off versus Brandon Sutter in Devils zone.
2:15 of 2nd period - Icing by Ryan Pulock.
2:16 of 2nd period - Brandon Sutter wins face-off versus Alex Tanguay in Devils zone.
2:16 of 2nd period - Brandon Sutter is hit by Jarome Iginla.
2:29 of 2nd period - Jarome Iginla is hit by Miikka Salomaki.
2:33 of 2nd period - Shot by Alex Tanguay.
2:33 of 2nd period - Stopped by Corey Crawford without a rebound.
2:34 of 2nd period - Darren Helm wins face-off versus Antoine Vermette in Devils zone.
2:47 of 2nd period - Devante Smith-Pelly is hit by Brandon Prust and loses puck.
2:55 of 2nd period - Icing by Alec Martinez.
2:56 of 2nd period - Mikko Koivu wins face-off versus Antoine Vermette in Flames zone.
2:59 of 2nd period - Shot by Valtteri Filppula.
2:59 of 2nd period - Shot Misses the Net.
3:29 of 2nd period - Shot by Valtteri Filppula.
3:29 of 2nd period - Deflect By Mikko Koivu.
3:29 of 2nd period - Stopped by Ben Bishop without a rebound.
3:30 of 2nd period - Miikka Salomaki wins face-off versus Mike Cammalleri in Flames zone.
3:47 of 2nd period - Jared Spurgeon is hit by James Neal and loses puck.
6:14 of 2nd period - Off-side.
6:15 of 2nd period - Brandon Sutter wins face-off versus Jarret Stoll in neutral zone.
6:24 of 2nd period - Shot by Jarret Stoll.
6:24 of 2nd period - Deflect By Andrew Miller.
6:24 of 2nd period - Stopped by Corey Crawford without a rebound.
6:25 of 2nd period - Drew Stafford wins face-off versus Mike Cammalleri in Devils zone.
6:39 of 2nd period - Mike Cammalleri is hit by Colin Greening and loses puck.
7:58 of 2nd period - Shot by James Neal.
7:58 of 2nd period - Shot Misses the Net.
8:01 of 2nd period - Icing by Kyle Palmieri.
8:02 of 2nd period - Antoine Vermette wins face-off versus Mikko Koivu in Flames zone.
8:16 of 2nd period - Icing by Valtteri Filppula.
8:17 of 2nd period - Mikko Koivu wins face-off versus Mike Cammalleri in Devils zone.
9:49 of 2nd period - Shot by Bryan Rust.
9:49 of 2nd period - Shot Misses the Net.
9:51 of 2nd period - Shot by Gabriel Bourque.
9:51 of 2nd period - Shot Misses the Net.
10:06 of 2nd period - Icing by Josh Gorges.
10:07 of 2nd period - Antoine Vermette wins face-off versus Brandon Sutter in Flames zone.
10:15 of 2nd period - Icing by Trevor Daley.
10:16 of 2nd period - Brandon Sutter wins face-off versus Jarret Stoll in Devils zone.
10:16 of 2nd period - Trevor Daley is hit by Jarret Stoll and loses puck.
10:20 of 2nd period - Icing by Ryan Pulock.
10:21 of 2nd period - Brandon Sutter wins face-off versus Mike Cammalleri in Devils zone.
10:30 of 2nd period - Mike Cammalleri is hit by James Neal and loses puck.
10:41 of 2nd period - Brandon Sutter is hit by Jarome Iginla and loses puck.
10:52 of 2nd period - Mike Cammalleri is hit by Miikka Salomaki and loses puck.
11:05 of 2nd period - Trevor Daley is hit by Alex Tanguay and loses puck.
11:22 of 2nd period - Shot by Devante Smith-Pelly.
11:22 of 2nd period - Shot Blocked by Trevor Daley.
12:29 of 2nd period - Off-side.
12:30 of 2nd period - Mikko Koivu wins face-off versus Jordan Martinook in neutral zone.
12:52 of 2nd period - Icing by Valtteri Filppula.
12:53 of 2nd period - Mikko Koivu wins face-off versus Jarome Iginla in Devils zone.
12:53 of 2nd period - Mikko Koivu is hit by Mike Cammalleri.
12:56 of 2nd period - Icing by Anton Stralman.
12:57 of 2nd period - Mike Cammalleri wins face-off versus Mikko Koivu in Devils zone.
12:58 of 2nd period - Shot by Jarome Iginla.
12:58 of 2nd period - Stopped by Corey Crawford with a rebound.
13:04 of 2nd period - Shot by Alex Tanguay.
13:04 of 2nd period - Stopped by Corey Crawford with a rebound.
13:12 of 2nd period - Shot by Mike Cammalleri.
13:12 of 2nd period - Shot Blocked by Anton Stralman.
13:34 of 2nd period - Shot by Alex Tanguay.
13:34 of 2nd period - Shot Blocked by Dougie Hamilton.
13:36 of 2nd period - Shot by Jarome Iginla.
13:36 of 2nd period - Stopped by Corey Crawford without a rebound.
13:37 of 2nd period - Antoine Vermette wins face-off versus Drew Stafford in Devils zone.
13:50 of 2nd period - Shot by Antoine Vermette.
13:50 of 2nd period - Stopped by Corey Crawford without a rebound.
13:51 of 2nd period - Jordan Martinook wins face-off versus Darren Helm in Devils zone.
14:57 of 2nd period - Icing by Dougie Hamilton.
14:58 of 2nd period - Drew Stafford wins face-off versus Antoine Vermette in Devils zone.
15:11 of 2nd period - Icing by Josh Gorges.
15:12 of 2nd period - Mikko Koivu wins face-off versus Antoine Vermette in Flames zone.
15:29 of 2nd period - Shot by Kyle Palmieri.
15:29 of 2nd period - Shot Misses the Net.
15:31 of 2nd period - Shot by Kyle Palmieri.
15:31 of 2nd period - Stopped by Corey Crawford without a rebound.
15:32 of 2nd period - Drew Stafford wins face-off versus Mike Cammalleri in Devils zone.
15:44 of 2nd period - Icing by Anton Stralman.
15:45 of 2nd period - Jarret Stoll wins face-off versus Drew Stafford in Devils zone.
15:48 of 2nd period - Shot by Jared Spurgeon.
15:48 of 2nd period - Deflect By Jarret Stoll.
15:48 of 2nd period - Shot Misses the Net.
15:50 of 2nd period - Shot by Josh Gorges.
15:50 of 2nd period - Stopped by Corey Crawford without a rebound.
15:51 of 2nd period - Mikko Koivu wins face-off versus Mike Cammalleri in Devils zone.
15:53 of 2nd period - Icing by Tyler Johnson.
15:54 of 2nd period - Jarome Iginla wins face-off versus Mikko Koivu in Devils zone.
15:54 of 2nd period - Alex Tanguay is hit by Michal Rozsival and loses puck.
16:00 of 2nd period - Jarome Iginla is hit by Michal Rozsival and loses puck.
16:35 of 2nd period - John Carlson is hit by Mikko Koivu and loses puck.
17:06 of 2nd period - Shot by Drew Stafford.
17:06 of 2nd period - Shot Misses the Net.
17:11 of 2nd period - Minor Penalty to Jared Spurgeon for Interference.
17:12 of 2nd period - Brandon Sutter wins face-off versus Mike Cammalleri in Flames zone.
17:19 of 2nd period - John Carlson is hit by Drew Stafford and loses puck.
17:44 of 2nd period - Shot by Anton Stralman.
17:44 of 2nd period - Shot Blocked by Alec Martinez.
17:46 of 2nd period - Shot by Anton Stralman.
17:46 of 2nd period - Shot Blocked by Brady Skjei.
17:48 of 2nd period - Shot by Anton Stralman.
17:48 of 2nd period - Stopped by Ben Bishop without a rebound.
17:49 of 2nd period - Tyler Johnson wins face-off versus Jarome Iginla in Flames zone.
18:00 of 2nd period - Shot by Valtteri Filppula.
18:00 of 2nd period - Shot Misses the Net.
18:02 of 2nd period - Shot by Mikko Koivu.
18:02 of 2nd period - Shot Misses the Net.
18:04 of 2nd period - Shot by Tyler Johnson.
18:04 of 2nd period - Shot Blocked by Brady Skjei.
18:06 of 2nd period - Shot by Shayne Gostisbehere.
18:06 of 2nd period - Stopped by Ben Bishop without a rebound.
18:07 of 2nd period - Brandon Sutter wins face-off versus Mike Cammalleri in Flames zone.
18:08 of 2nd period - Shot by Dougie Hamilton.
18:08 of 2nd period - Shot Misses the Net.
18:58 of 2nd period - Icing by Mikko Koivu.
18:59 of 2nd period - Tyler Johnson wins face-off versus Mike Cammalleri in Devils zone.
19:16 of 2nd period - Shot by Darren Helm.
19:16 of 2nd period - Shot Misses the Net.
19:38 of 2nd period - Shot by Darren Helm.
19:38 of 2nd period - Shot Misses the Net.
19:40 of 2nd period - Shot by Trevor Daley.
19:40 of 2nd period - Shot Misses the Net.
19:42 of 2nd period - Shot by Darren Helm.
19:42 of 2nd period - Shot Misses the Net.
19:48 of 2nd period - Shot by Johan Franzen.
19:48 of 2nd period - Shot Blocked by Josh Gorges.
19:50 of 2nd period - Shot by Ryan Pulock.
19:50 of 2nd period - Stopped by Ben Bishop without a rebound.
19:51 of 2nd period - Jarret Stoll wins face-off versus Tyler Johnson in Flames zone.
Goals for this period are 0 for Devils vs 0 for Flames.
Shots for this period are 6 for Devils vs 9 for Flames.

3rd period


0:01 of 3rd period - Mike Cammalleri wins face-off versus Colin Greening in neutral zone.
0:03 of 3rd period - John Carlson is hit by Colin Greening and loses puck.
1:40 of 3rd period - Kyle Palmieri is hit by Michal Rozsival and loses puck.
2:17 of 3rd period - Shot by Valtteri Filppula.
2:17 of 3rd period - Stopped by Ben Bishop without a rebound.
2:18 of 3rd period - Johan Franzen wins face-off versus Jarret Stoll in Flames zone.
2:26 of 3rd period - Kevan Miller is hit by Dougie Hamilton and loses puck.
2:37 of 3rd period - Shot by Daniel Carr.
2:37 of 3rd period - Stopped by Corey Crawford without a rebound.
2:38 of 3rd period - Jordan Martinook wins face-off versus Ales Hemsky in Devils zone.
2:47 of 3rd period - Shot by Kevan Miller.
2:47 of 3rd period - Shot Blocked by Ryan Pulock.
2:47 of 3rd period - Ryan Pulock from Devils is injured at 2:47 of 3rd period (Strained Left Elbow).
2:48 of 3rd period - Jarret Stoll wins face-off versus Mikko Koivu in Devils zone.
3:01 of 3rd period - Shot by Valtteri Filppula.
3:01 of 3rd period - Deflect By Mikko Koivu.
3:01 of 3rd period - Stopped by Ben Bishop without a rebound.
3:02 of 3rd period - Mike Cammalleri wins face-off versus Drew Stafford in Flames zone.
3:06 of 3rd period - Icing by Mike Cammalleri.
3:07 of 3rd period - Mike Cammalleri wins face-off versus Drew Stafford in Flames zone.
3:28 of 3rd period - Alex Tanguay is hit by Colin Greening.
4:12 of 3rd period - Minor Penalty to James Neal for Roughing.
4:13 of 3rd period - Antoine Vermette wins face-off versus Mikko Koivu in Devils zone.
4:18 of 3rd period - Shot by John Carlson.
4:18 of 3rd period - Shot Misses the Net.
4:25 of 3rd period - Icing by Jordan Martinook.
4:26 of 3rd period - Antoine Vermette wins face-off versus Mikko Koivu in Flames zone.
4:59 of 3rd period - Minor Penalty to Michal Rozsival for Cross-checking.
5:00 of 3rd period - Brandon Sutter wins face-off versus Mike Cammalleri in Devils zone.
5:08 of 3rd period - Off-side.
5:09 of 3rd period - Brandon Sutter wins face-off versus Mike Cammalleri in neutral zone.
5:30 of 3rd period - Shot by Jarome Iginla.
5:30 of 3rd period - Shot Misses the Net.
5:32 of 3rd period - Shot by Jared Spurgeon.
5:32 of 3rd period - Shot Misses the Net.
5:34 of 3rd period - Shot by Kevan Miller.
5:34 of 3rd period - Shot Blocked by Anton Stralman.
5:40 of 3rd period - Shot by Mike Cammalleri.
5:40 of 3rd period - Deflect By Kyle Palmieri.
5:40 of 3rd period - Shot Misses the Net.
6:25 of 3rd period - Shot by Alec Martinez.
6:25 of 3rd period - Stopped by Corey Crawford without a rebound.
6:26 of 3rd period - Valtteri Filppula wins face-off versus Devante Smith-Pelly in Devils zone.
6:32 of 3rd period - Icing by Jordan Martinook.
6:33 of 3rd period - Mikko Koivu wins face-off versus Antoine Vermette in Flames zone.
7:04 of 3rd period - Shot by James Neal.
7:04 of 3rd period - Stopped by Ben Bishop without a rebound.
7:05 of 3rd period - Mike Cammalleri wins face-off versus Brandon Sutter in Flames zone.
7:13 of 3rd period - Off-side.
7:14 of 3rd period - Mike Cammalleri wins face-off versus Mikko Koivu in neutral zone.
7:17 of 3rd period - Valtteri Filppula is hit by Mike Cammalleri and loses puck.
7:26 of 3rd period - Shot by Mike Cammalleri.
7:26 of 3rd period - Shot Blocked by Valtteri Filppula.
7:38 of 3rd period - Shot by Mike Cammalleri.
7:38 of 3rd period - Shot Blocked by Trevor Daley.
7:40 of 3rd period - Shot by Josh Gorges.
7:40 of 3rd period - Stopped by Corey Crawford with a rebound.
7:42 of 3rd period - Shot by Jared Spurgeon.
7:42 of 3rd period - Shot Misses the Net.
7:52 of 3rd period - Shot by Alex Tanguay.
7:52 of 3rd period - Shot Misses the Net.
8:33 of 3rd period - Shot by James Neal.
8:33 of 3rd period - Shot Hit the Post.
9:49 of 3rd period - Icing by John Carlson.
9:50 of 3rd period - Antoine Vermette wins face-off versus Mikko Koivu in Flames zone.
10:04 of 3rd period - Icing by Mikko Koivu.
10:05 of 3rd period - Mikko Koivu wins face-off versus Gabriel Bourque in Devils zone.
10:11 of 3rd period - Valtteri Filppula is hit by Kevan Miller and loses puck.
10:19 of 3rd period - Mikko Koivu is hit by Kevan Miller and loses puck.
10:38 of 3rd period - Bryan Rust is hit by Michal Rozsival and loses puck.
10:42 of 3rd period - Icing by Valtteri Filppula.
10:43 of 3rd period - Jarret Stoll wins face-off versus Tyler Johnson in Devils zone.
11:02 of 3rd period - Shot by Andrew Miller.
11:02 of 3rd period - Shot Misses the Net.
11:08 of 3rd period - Shot by Andrew Miller.
11:08 of 3rd period - Shot Misses the Net.
11:10 of 3rd period - Shot by John Carlson.
11:10 of 3rd period - Shot Misses the Net.
11:12 of 3rd period - Shot by John Carlson.
11:12 of 3rd period - Shot Misses the Net.
11:21 of 3rd period - John Carlson is hit by Michal Rozsival and loses puck.
11:53 of 3rd period - Shot by Kyle Palmieri.
11:53 of 3rd period - Shot Misses the Net.
13:26 of 3rd period - Shot by Bryan Rust.
13:26 of 3rd period - Stopped by Corey Crawford without a rebound.
13:27 of 3rd period - Jordan Martinook wins face-off versus Darren Helm in Devils zone.
13:39 of 3rd period - Bryan Rust is hit by Dougie Hamilton and loses puck.
13:52 of 3rd period - Shot by Jordan Martinook.
13:52 of 3rd period - Stopped by Corey Crawford without a rebound.
13:53 of 3rd period - Antoine Vermette wins face-off versus James Neal in Devils zone.
14:10 of 3rd period - Shot by Kyle Palmieri.
14:10 of 3rd period - Shot Misses the Net.
14:12 of 3rd period - Shot by Jared Spurgeon.
14:12 of 3rd period - Stopped by Corey Crawford without a rebound.
14:13 of 3rd period - Jordan Martinook wins face-off versus Drew Stafford in Devils zone.
14:26 of 3rd period - Shot by Gabriel Bourque.
14:26 of 3rd period - Shot Misses the Net.
14:28 of 3rd period - Shot by John Carlson.
14:28 of 3rd period - Deflect By Jordan Martinook.
14:28 of 3rd period - Stopped by Corey Crawford without a rebound.
14:29 of 3rd period - Mike Cammalleri wins face-off versus Miikka Salomaki in Devils zone.
14:48 of 3rd period - Shot by James Neal.
14:48 of 3rd period - Shot Misses the Net.
14:50 of 3rd period - Shot by Shayne Gostisbehere.
14:50 of 3rd period - Shot Misses the Net.
14:52 of 3rd period - Shot by Trevor Daley.
14:52 of 3rd period - Shot Misses the Net.
15:25 of 3rd period - Icing by Shayne Gostisbehere.
15:26 of 3rd period - Brandon Sutter wins face-off versus Antoine Vermette in Devils zone.
15:51 of 3rd period - Shot by Antoine Vermette.
15:51 of 3rd period - Stopped by Corey Crawford with a rebound.
16:41 of 3rd period - Drew Stafford is hit by Gabriel Bourque and loses puck.
16:50 of 3rd period - Shot by Gabriel Bourque.
16:50 of 3rd period - Stopped by Corey Crawford without a rebound.
16:51 of 3rd period - Mike Cammalleri wins face-off versus Darren Helm in Devils zone.
18:15 of 3rd period - Shot by Drew Stafford.
18:15 of 3rd period - Shot Misses the Net.
18:39 of 3rd period - Icing by Mikko Koivu.
18:40 of 3rd period - Mikko Koivu wins face-off versus Jordan Martinook in Devils zone.
18:40 of 3rd period - Mikko Koivu is hit by Bryan Rust.
18:41 of 3rd period - Mikko Koivu from Devils is injured at 18:41 of 3rd period (Bruised Left Leg).
18:42 of 3rd period - Jordan Martinook wins face-off versus Drew Stafford in Devils zone.
18:45 of 3rd period - Shot by Gabriel Bourque.
18:45 of 3rd period - Shot Misses the Net.
18:47 of 3rd period - Shot by Jordan Martinook.
18:47 of 3rd period - Stopped by Corey Crawford without a rebound.
18:48 of 3rd period - Darren Helm wins face-off versus Jordan Martinook in Devils zone.
18:53 of 3rd period - Kevan Miller is hit by Darren Helm and loses puck.
19:08 of 3rd period - Shot by Brandon Prust.
19:08 of 3rd period - Shot Misses the Net.
Goals for this period are 0 for Devils vs 0 for Flames.
Shots for this period are 3 for Devils vs 10 for Flames.

Overtime #1


0:01 of 1st overtime period - Tyler Johnson wins face-off versus Mike Cammalleri in neutral zone.
0:05 of 1st overtime period - Off-side.
0:06 of 1st overtime period - Jarome Iginla wins face-off versus Brandon Sutter in neutral zone.
0:19 of 1st overtime period - Shot by Jarome Iginla.
0:19 of 1st overtime period - Stopped by Corey Crawford with a rebound.
0:21 of 1st overtime period - Shot by Jarome Iginla.
0:21 of 1st overtime period - Shot Misses the Net.
0:35 of 1st overtime period - Shot by Kyle Palmieri.
0:35 of 1st overtime period - Shot Misses the Net.
0:47 of 1st overtime period - Shot by Kyle Palmieri.
0:47 of 1st overtime period - Shot Misses the Net.
1:23 of 1st overtime period - Shot by Antoine Vermette.
1:23 of 1st overtime period - Deflect By Mike Cammalleri.
1:23 of 1st overtime period - Stopped by Corey Crawford without a rebound.
1:24 of 1st overtime period - Tyler Johnson wins face-off versus Mike Cammalleri in Devils zone.
1:31 of 1st overtime period - Shot by Drew Stafford.
1:31 of 1st overtime period - Shot Blocked by Devante Smith-Pelly.
1:33 of 1st overtime period - Shot by Drew Stafford.
1:33 of 1st overtime period - Stopped by Ben Bishop with a rebound.
1:35 of 1st overtime period - Shot by Drew Stafford.
1:35 of 1st overtime period - Shot Blocked by Brady Skjei.
1:37 of 1st overtime period - Shot by Drew Stafford.
1:37 of 1st overtime period - Stopped by Ben Bishop without a rebound.
1:38 of 1st overtime period - Valtteri Filppula wins face-off versus Jarome Iginla in Flames zone.
2:09 of 1st overtime period - Shot by Valtteri Filppula.
2:09 of 1st overtime period - Stopped by Ben Bishop with a rebound.
2:11 of 1st overtime period - Shot by Drew Stafford.
2:11 of 1st overtime period - Goal by Drew Stafford - Devils : 1 - Flames : 0.
Goals for this period are 1 for Devils vs 0 for Flames.
Shots for this period are 4 for Devils vs 2 for Flames.